 Dungeon Crawl Stone Soup version 0.32-a0-35-gd9ff480 (webtiles) character file.

Game seed: 9778066359064745001

153 Dorkslayer the Ruffian (level 5, -4/33 HPs)
             Began as an Octopode Shapeshifter on Jan 21, 2024.
             Slain by an orc
             ... wielding a +3 flail of distortion
              (6 damage)
             ... on level 3 of the Dungeon.
             The game lasted 00:06:48 (2104 turns).

Dorkslayer the Ruffian (Octopode Shapeshifter)      Turns: 2104, Time: 00:06:48

Health: -4/33      AC:  1    Str: 15    XL:     5   Next: 35%
Magic:  14/14      EV: 13    Int: 12    God:
Gold:   75         SH:  0    Dex: 12    Spells: 4/4 levels left

rFire   . .          .
                       - Unarmed
rCold   . . .        (no shield)
rNeg    . . .        (helmet currently unavailable)
rPois   .            (no amulet)
rElec   .            e - ring of magical power
rCorr   .            (no ring)
SInv    .            (no ring)
Will    .....        (no ring)
Stlth   ++           (no ring)
HPRegen 0.25/turn    (no ring)
MPRegen 0.14/turn    (no ring)
                     (no ring)

%: no passive effects
@: confused, beast-form
A: beast (slay +2), almost no armour, amphibious, 8 rings, camouflage 1,
gelatinous body 1, (nimble swimmer 1), tentacles
a: Begin Untransformation


You were on level 3 of the Dungeon.
You were a hulking beast.
You visited 1 branch of the dungeon, and saw 3 of its levels.

You collected 75 gold pieces.

Inventory:

Missiles
 d - 2 boomerangs (quivered)
Jewellery
 e - a ring of magical power (left tentacle)
Talismans
 b - a beast talisman
 c - a flux talisman
Scrolls
 g - a scroll of poison
 h - a scroll of teleportation {unknown}
Potions
 a - a potion of lignification
 i - a potion of curing


   Skills:
 + Level 1.3 Fighting
 + Level 2.4 Dodging
 + Level 3.3 Stealth
 + Level 4.1 Unarmed Combat
 + Level 3.8 Shapeshifting


You had 4 spell levels left.
You didn't know any spells.
Your spell library was empty.

Dungeon Overview and Level Annotations

Branches:
Dungeon (3/15)

Altars:

Annotations:
D:3 Grinder, Sigmund


Innate Abilities, Weirdness & Mutations

You are a hulking beast.
Your limbs bulge with bestial killing power. (Slay +2)
You cannot wear most types of armour.
You are amphibious.
You can wear up to eight rings at the same time.
Your skin changes colour to match your surroundings (Stealth+).
Your rubbery body absorbs attacks. (AC +1, EV +1)
((You are camouflaged when in or above water. (Stealth+)))
You have tentacles for arms and can constrict up to eight enemies at once.


Message History

g - a scroll of poison 2 orcs come into view.
An orc is wielding a +3 flail of distortion.
The orc shouts!
The orc wizard shouts!
The orc shouts! x2
Throw: 2 boomerangs
Press: ? - help, Q - select action Shift-Dir - straight line, f - orc wizard
Aim: an orc wizard, wielding a +0 dagger and wearing a +0 robe (47% to hit)
You throw a boomerang.
The boomerang hits the orc wizard but does no damage.
The orc wizard casts a spell.
The orc wizard flickers and vanishes!
Deactivating autopickup; reactivate with Ctrl-A.
Throw: 2 boomerangs
Press: ? - help, Q - select action Shift-Dir - straight line, f - orc
Aim: an orc, wielding a +0 whip and wearing a +0 leather armour (57% to hit)
You throw a boomerang. The boomerang hits the orc.
The orc is moderately wounded.
Unknown command.
You tentacle-slap something. Something hits you.
You barely miss the orc. You grab the orc.
The orc is moderately wounded.
You constrict the orc, but do no damage.
The orc hits you with a +0 whip.
You hear some strange, mumbled words.
You are confused.
You're too confused to move!
You constrict the orc. The orc completely misses you.
Something hits you but does no damage.
You miss something. Your squeeze misses something. You constrict the orc.
Something hits you. The orc barely misses you.
You tentacle-slap the orc but do no damage.
You constrict the orc.
You kill the orc!
Something hits you.
The orc hits you with a +3 flail of distortion.
Space warps horribly around you!!
Ouch! That really hurt!
* * * LOW HITPOINT WARNING * * *
You miss the orc.
The orc hits you with a +3 flail of distortion.
You die...

#................
#.##..#####......
######'##..# #.#####
#.......#.)#####.#.### #
#.......#..#..........
#.#.......#..#.###.#.###
........).......<.....>#
.#.....{.#..###.#.#.#.#
#....ho.#......#.#.#.#
#.......#.o.##.#.#.# #
..........#o.....#.#.#
...
#.........#.o.##.#.#.#
#.# #......####o..##.#.#
#.#.... .#.##....
#.#.... .....


You could see an orc.

Vanquished Creatures
  Jessica (D:2)
  Natasha (thrice) (D:2)
  An adder (D:2)
  A ribbon worm (D:2)
  An orc (D:3)
  7 endoplasms
  A giant cockroach (D:2)
  5 goblins
  3 hobgoblins (D:1)
  3 quokkas
  2 ball pythons
  3 bats (D:1)
  3 frilled lizards
  3 kobolds
  5 rats
  A spectral goblin (D:1)
43 creatures vanquished.

Notes
Turn   | Place    | Note
-------+----------+-------------------------------------------
     0 | D:1      | Dorkslayer the Octopode Shapeshifter began the quest for
                  | the Orb.
     0 | D:1      | Reached XP level 1. HP: 13/13 MP: 1/1
   125 | D:1      | Reached XP level 2. HP: 18/18 MP: 2/2
   219 | D:1      | Found a faded altar of an unknown god.
   576 | D:1      | Reached XP level 3. HP: 12/23 MP: 3/3
  1068 | D:2      | Reached skill level 1 in Stealth
  1191 | D:2      | Noticed Natasha
  1196 | D:2      | Killed Natasha
  1197 | D:2      | Reached XP level 4. HP: 28/28 MP: 4/4
  1459 | D:2      | Noticed Jessica
  1464 | D:2      | Killed Jessica
  1516 | D:2      | Noticed Natasha
  1613 | D:2      | Killed Natasha
  1614 | D:2      | Reached skill level 4 in Unarmed Combat
  1614 | D:2      | Reached XP level 5. HP: 27/33 MP: 5/5
  1895 | D:2      | Noticed Natasha
  1908 | D:2      | Killed Natasha
  2002 | D:3      | Noticed Grinder
  2002 | D:3      | Noticed Sigmund
  2104 | D:3      | Slain by an orc

Illustrated notes

Levels and vault maps discovered:
D:1:      ncdulo_wetmaze, layout_loops_cross,
          dreamdust_ecumenical_altar_drowned_temple, st_stairs_9
D:2:      layout_loops_corners, nrook_uturn, minivault_26, uniq_jessica,
          uniq_natasha
D:3:      layout_basic, serial_corexii_hall, corexii_hall_statues_u,
          corexii_hall_statues_x, uniq_ijyb, uniq_grinder, uniq_sigmund

Skill      XL: |  1  2  3  4 |
---------------+-------------+-----
Stealth        | 1 3 |  3.3
Unarmed Combat | 4 |  4.1
Fighting       | |  1.3
Dodging        | |  2.4
Shapeshifting  | |  3.8

Action                     |  1- 3 |  4- 6 || total
---------------------------+-------+-------++-------
  Melee: Unarmed           |    55 |    29 ||    84
         Constrict         |    10 |     6 ||    16
         Tentacles         |     9 |     3 ||    12
         Punch             |       |     1 ||     1
  Throw: Boomerang         |       |     2 ||     2
    Use: Scroll            |     2 |     2 ||     4
   Stab: Sleeping          |     5 |     5 ||    10
 Armour: Skin              |    18 |    17 ||    35
  Dodge: Dodged            |    24 |     9 ||    33

Table legend: (Time is in decaauts)
 A = Elapsed time spent in this place.
 B = Non-inter-level travel time spent in this place.
 C = Inter-level travel time spent in this place.
 D = Time resting spent in this place.
 E = Time spent auto-exploring this place.
 F = Levels seen in this place.
 G = Mean time per level.
                   A        B        C        D        E       F      G
               +--------+--------+--------+--------+--------+-----+--------+
         Total |   2098 |   2098 |      0 |     12 |   1067 |   3 |  699.3 |
       Dungeon |   2098 |   2098 |      0 |     12 |   1067 |   3 |  699.3 |
               +--------+--------+--------+--------+--------+-----+--------+

Top non-repeatable levels by time:
     D:2: 1176 daAuts
     D:1: 876 daAuts
     D:3: 44 daAuts
